SA
GRIM REAPERS @ WASHINGTON GENERALS
07/29/2027
 
TOP OF THE 1ST
Grim Reapers batting - Pitching for Washington Generals : LHP Arnold Safi
Pitching: LHP Arnold Safi
Batting: SHB Javier Vázquez 0-0: Ball
1-0: Called Strike
1-1: Ball
2-1: Swinging Strike
2-2: Foul Ball, location: 2F
2-2: Strikes out swinging
Batting: RHB Tomás Costello 0-0: Fly out, F9 (Line Drive, 9)
Batting: LHB Dante Aristizabal 0-0: DOUBLE (Flyball, 8RD)
Batting: RHB Bernardo Rodríguez 0-0: Ball
1-0: Foul Ball, location: 2F
1-1: Ball
2-1: Foul Ball, location: 2F
2-2: Single, Error in OF, E7, batter to second base
Dante Aristizabal scores
Batting: SHB Cash Masters 0-0: Ball
1-0: Swinging Strike
1-1: Foul Ball, location: 2F
1-2: Foul Ball, location: 2F
1-2: Ball
2-2: Foul Ball, location: 2F
2-2: Strikes out swinging
Top of the 1st over - 1 run(s), 2 hit(s), 1 error(s), 1 left on base; Grim 1 - Washington 0
BOTTOM OF THE 1ST
Washington Generals batting - Pitching for Grim Reapers : RHP Edward Scarborough
Pitching: RHP Edward Scarborough
Batting: RHB David Tineo 0-0: DOUBLE (Line Drive, 7LM)
Batting: RHB Jason Alston 0-0: Called Strike
0-1: Fly out, F9 (Flyball, 9)
Batting: RHB Ken Bone 0-0: Called Strike
David Tineo steals 3rd base
0-1: DOUBLE (Line Drive, 78M)
David Tineo scores
Batting: LHB Ryan Marken 0-0: Called Strike
0-1: Swinging Strike
0-2: Foul Ball, location: 2F
0-2: Ball
1-2: Ground out 4-3 (Groundball, 4)
Ken Bone to third
Batting: RHB Roberto Aguirre 0-0: Swinging Strike
0-1: Ball
1-1: Ball
2-1: Ball
3-1: Called Strike
3-2: Base on Balls
Batting: RHB Brant Thigpen 0-0: Called Strike
0-1: Called Strike
0-2: Strikes out swinging
Bottom of the 1st over - 1 run(s), 2 hit(s), 0 error(s), 2 left on base; Grim 1 - Washington 1
TOP OF THE 2ND
Grim Reapers batting - Pitching for Washington Generals : LHP Arnold Safi
Batting: RHB Colt Cabana 0-0: Ball
1-0: Foul Ball, location: 2F
1-1: Called Strike
1-2: Ball
2-2: Foul Ball, location: 2F
2-2: Ball
3-2: SINGLE (Groundball, 56D)
Batting: RHB Carlos Evangelho 0-0: Fly out, F7 (Flyball, 7S)
Batting: RHB Mason Congdon 0-0: Called Strike
0-1: Ball
1-1: Fly out, F4 (Popup, 4)
Batting: RHB Fitzhugh Dupree 0-0: Fly out, F9 (Flyball, 9)
Top of the 2nd over - 0 run(s), 1 hit(s), 0 error(s), 1 left on base; Grim 1 - Washington 1
BOTTOM OF THE 2ND
Washington Generals batting - Pitching for Grim Reapers : RHP Edward Scarborough
Batting: RHB Thom Reppond 0-0: Called Strike
0-1: Ball
1-1: Ground out 5-3 (Groundball, 56S)
Batting: RHB Mike Lipide 0-0: Fly out, F7 (Flyball, 7LMF)
Batting: RHB Chad Silander 0-0: Called Strike
0-1: Ball
1-1: Ball
2-1: Fly out, F8 (Flyball, 8RS)
Bottom of the 2nd over - 0 run(s), 0 hit(s), 0 error(s), 0 left on base; Grim 1 - Washington 1
TOP OF THE 3RD
Grim Reapers batting - Pitching for Washington Generals : LHP Arnold Safi
Batting: SHB Javier Vázquez 0-0: Called Strike
0-1: Called Strike
0-2: Ball
1-2: Strikes out swinging
Batting: RHB Tomás Costello 0-0: Called Strike
0-1: Called Strike
0-2: Ball
1-2: Fly out, F6 (Popup, 6S)
Batting: LHB Dante Aristizabal 0-0: Ball
1-0: Swinging Strike
1-1: Ball
2-1: Swinging Strike
2-2: Foul Ball, location: 2F
2-2: Strikes out swinging
Top of the 3rd over - 0 run(s), 0 hit(s), 0 error(s), 0 left on base; Grim 1 - Washington 1
BOTTOM OF THE 3RD
Washington Generals batting - Pitching for Grim Reapers : RHP Edward Scarborough
Batting: RHB David Tineo 0-0: SINGLE (Groundball, 6MD)
Batting: RHB Jason Alston 0-0: Swinging Strike
0-1: Swinging Strike
0-2: Ball
1-2: Foul Ball, location: 2F
1-2: Ball
2-2: SINGLE (Line Drive, 7S)
David Tineo to second
Batting: RHB Ken Bone 0-0: Ball
David Tineo is caught stealing 3rd base
Jason Alston to second
1-0: Swinging Strike
1-1: Foul Ball, location: 2F
1-2: Ball
2-2: Foul Ball, location: 2F
2-2: Ground out 5-3 (Groundball, 56)
Batting: LHB Ryan Marken 0-0: Ball
1-0: Called Strike
1-1: Ball
2-1: Foul Ball, location: 2F
2-2: Fly out, F6 (Line Drive, 6M)
Bottom of the 3rd over - 0 run(s), 2 hit(s), 0 error(s), 1 left on base; Grim 1 - Washington 1
TOP OF THE 4TH
Grim Reapers batting - Pitching for Washington Generals : LHP Arnold Safi
Batting: RHB Bernardo Rodríguez 0-0: Called Strike
0-1: Ball
1-1: Foul Ball, location: 2F
1-2: SINGLE (Groundball, 56D)
Batting: SHB Cash Masters 0-0: Fly out, F9 (Flyball, 9LM)
Batting: RHB Colt Cabana 0-0: Ball
1-0: Foul Ball, location: 2F
1-1: Foul Ball, location: 2F
1-2: Foul Ball, location: 2F
1-2: Foul Ball, location: 2F
1-2: Foul Ball, location: 2F
1-2: SINGLE (Groundball, 56D)
Bernardo Rodríguez to second
Batting: RHB Carlos Evangelho 0-0: Ground out 5-3 (Groundball, 56S)
Bernardo Rodríguez to third
Colt Cabana to second
Batting: RHB Mason Congdon 0-0: Foul Ball, location: 2F
0-1: Ball
1-1: Called Strike
1-2: Strikes out looking
Top of the 4th over - 0 run(s), 2 hit(s), 0 error(s), 2 left on base; Grim 1 - Washington 1
BOTTOM OF THE 4TH
Washington Generals batting - Pitching for Grim Reapers : RHP Edward Scarborough
Batting: RHB Roberto Aguirre 0-0: Ball
1-0: Called Strike
1-1: Fly out, F8 (Flyball, 8LM)
Batting: RHB Brant Thigpen 0-0: Ground out 3-1 (Groundball, 34S)
Batting: RHB Thom Reppond 0-0: Ground out 3-1 (Groundball, 34)
Bottom of the 4th over - 0 run(s), 0 hit(s), 0 error(s), 0 left on base; Grim 1 - Washington 1
TOP OF THE 5TH
Grim Reapers batting - Pitching for Washington Generals : LHP Arnold Safi
Batting: RHB Fitzhugh Dupree 0-0: Ball
1-0: Fly out, F8 (Flyball, 8RM)
Batting: SHB Javier Vázquez 0-0: Fly out, F8 (Line Drive, 8LM)
Batting: RHB Tomás Costello 0-0: Ball
1-0: Swinging Strike
1-1: Ball
2-1: Called Strike
2-2: Ball
3-2: Foul Ball, location: 2F
3-2: SINGLE (Groundball, 56D)
Batting: LHB Dante Aristizabal 0-0: Ball
1-0: Ball
2-0: Fielders Choice at 2nd, 4-6 (Groundball, 4)
Top of the 5th over - 0 run(s), 1 hit(s), 0 error(s), 0 left on base; Grim 1 - Washington 1
BOTTOM OF THE 5TH
Washington Generals batting - Pitching for Grim Reapers : RHP Edward Scarborough
Batting: RHB Mike Lipide 0-0: Called Strike
0-1: Ball
1-1: Ground out 5-3 (Groundball, 56S)
Batting: RHB Chad Silander 0-0: Ball
1-0: Called Strike
1-1: Ball
2-1: Ground out 6-3 (Groundball, 56)
Batting: RHB David Tineo 0-0: Ball
1-0: Swinging Strike
1-1: Foul Ball, location: 2F
1-2: SINGLE (Groundball, 56S) (infield hit)
Batting: RHB Jason Alston 0-0: Ball
1-0: Called Strike
1-1: Ball
2-1: Ball
3-1: Foul Ball, location: 2F
3-2: Fly out, F7 (Line Drive, 7S)
Bottom of the 5th over - 0 run(s), 1 hit(s), 0 error(s), 1 left on base; Grim 1 - Washington 1
TOP OF THE 6TH
Grim Reapers batting - Pitching for Washington Generals : LHP Arnold Safi
Batting: RHB Bernardo Rodríguez 0-0: Foul Ball, location: 2F
0-1: Ball
1-1: Ball
2-1: Ball
3-1: Ground out 6-3 (Groundball, 6)
Batting: SHB Cash Masters 0-0: SINGLE (Line Drive, 7S)
Batting: RHB Colt Cabana 0-0: Ball
1-0: Foul Ball, location: 2F
1-1: Swinging Strike
1-2: Foul Ball, location: 2F
1-2: Strikes out swinging
Pitching: LHP Luis Ruíz
Batting: RHB Carlos Evangelho 0-0: Foul Ball, location: 2F
0-1: Swinging Strike
0-2: SINGLE (Groundball, 6MD)
Cash Masters to second
Batting: RHB Mason Congdon 0-0: Called Strike
0-1: Fly out, F6 (Popup, 6)
Top of the 6th over - 0 run(s), 2 hit(s), 0 error(s), 2 left on base; Grim 1 - Washington 1
BOTTOM OF THE 6TH
Washington Generals batting - Pitching for Grim Reapers : RHP Edward Scarborough
Batting: RHB Ken Bone 0-0: Ball
1-0: Ball
2-0: Fly out, F4 (Line Drive, 4M)
Batting: LHB Ryan Marken 0-0: Fly out, F7 (Flyball, 7LSF)
Batting: RHB Roberto Aguirre 0-0: Foul Ball, location: 2F
0-1: Swinging Strike
0-2: SINGLE (Groundball, 56D)
Batting: RHB Brant Thigpen 0-0: Foul Ball, location: 2F
0-1: Foul Ball, location: 2F
0-2: Ball
1-2: Ground out 3-1 (Groundball, 34S)
Bottom of the 6th over - 0 run(s), 1 hit(s), 0 error(s), 1 left on base; Grim 1 - Washington 1
TOP OF THE 7TH
Grim Reapers batting - Pitching for Washington Generals : LHP Luis Ruíz
Pinch Hitting: RHB Ricardo Pulido 0-0: Ball
1-0: Foul Ball, location: 2F
1-1: Ball
2-1: Ball
3-1: Called Strike
3-2: Strikes out swinging
Batting: SHB Javier Vázquez 0-0: Ball
1-0: Ball
2-0: Fly out, F7 (Flyball, 7LS)
Batting: RHB Tomás Costello 0-0: Ball
1-0: Ball
2-0: Called Strike
2-1: Foul Ball, location: 2F
2-2: Ball
3-2: Strikes out swinging
Top of the 7th over - 0 run(s), 0 hit(s), 0 error(s), 0 left on base; Grim 1 - Washington 1
BOTTOM OF THE 7TH
Washington Generals batting - Pitching for Grim Reapers : RHP Edward Scarborough
Now in LF: Demario Bordon
Batting: RHB Thom Reppond 0-0: Fly out, F2 (Popup, 15)
Pinch Hitting: SHB Dave Gant 0-0: Ball
1-0: Ball
2-0: Foul Ball, location: 2F
2-1: Ball
3-1: SINGLE (Groundball, 34D)
Pinch Hitting: SHB Pedro Villarreal 0-0: Swinging Strike
0-1: Ball
1-1: Foul Ball, location: 2F
1-2: Foul Ball, location: 2F
1-2: Ball
Wild Pitch!
Dave Gant to second
2-2: Foul Ball, location: 2F
2-2: Foul Ball, location: 2F
2-2: Ball
3-2: Intentional Walk
Pinch Hitting: RHB Ángel Castro 0-0: Ball
1-0: Ball
2-0: Called Strike
2-1: Ball
3-1: Foul Ball, location: 2F
3-2: Grounds into double play, 6-4-3 (Groundball, 6)
Bottom of the 7th over - 0 run(s), 1 hit(s), 0 error(s), 1 left on base; Grim 1 - Washington 1
TOP OF THE 8TH
Grim Reapers batting - Pitching for Washington Generals : LHP Luis Ruíz
Now at 2B: Jim Unknown
Now in LF: Ángel Castro
Now in CF: Ricardo Sandoval
Batting: LHB Dante Aristizabal 0-0: Swinging Strike
0-1: Ball
1-1: Foul Ball, location: 2F
1-2: Strikes out looking
Batting: RHB Bernardo Rodríguez 0-0: Ball
1-0: Fly out, F5 (Line Drive, 56)
Pinch Hitting: RHB David Gaston 0-0: Ball
1-0: Called Strike
1-1: Foul Ball, location: 2F
1-2: Foul Ball, location: 2F
1-2: Ball
2-2: Hit by Pitch
Batting: RHB Colt Cabana 0-0: Foul Ball, location: 2F
0-1: Ball
1-1: Called Strike
David Gaston is caught stealing 2nd base
Top of the 8th over - 0 run(s), 0 hit(s), 0 error(s), 0 left on base; Grim 1 - Washington 1
BOTTOM OF THE 8TH
Washington Generals batting - Pitching for Grim Reapers : RHP Edward Scarborough
Now in RF: David Gaston
Pinch Hitting: LHB Manny Cardoza 0-0: Ball
1-0: Called Strike
1-1: Called Strike
1-2: Strikes out swinging
Batting: RHB Ken Bone 0-0: Fly out, F7 (Flyball, 7LM)
Batting: LHB Ryan Marken 0-0: Called Strike
0-1: Called Strike
0-2: Ball
1-2: Foul Ball, location: 2F
1-2: Strikes out swinging
Bottom of the 8th over - 0 run(s), 0 hit(s), 0 error(s), 0 left on base; Grim 1 - Washington 1
TOP OF THE 9TH
Grim Reapers batting - Pitching for Washington Generals : LHP Luis Ruíz
Pitching: RHP Russell Hendrickson
Now at SS: Stan Wheeler
Pinch Hitting: LHB Jim Unknown 0-0: SINGLE (Groundball, 4D)
Batting: RHB Carlos Evangelho 0-0: Called Strike
0-1: Bunted foul
0-2: Ball
1-2: Fly out, F9 (Flyball, 9LM)
Pinch Hitting: LHB Bayanai Gonzalez 0-0: Ball
1-0: Called Strike
1-1: Fly out, F8 (Flyball, 78M)
Pinch Hitting: LHB Florin Matei 0-0: Called Strike
0-1: Ground out 1-3 (Groundball, 15S)
Top of the 9th over - 0 run(s), 1 hit(s), 0 error(s), 1 left on base; Grim 1 - Washington 1
BOTTOM OF THE 9TH
Washington Generals batting - Pitching for Grim Reapers : RHP Edward Scarborough
Now at 3B: Florin Matei
Now at SS: Jeb Sexton
Now in LF: Jim Unknown
Batting: RHB Roberto Aguirre 0-0: Ball
1-0: Fly out, F9 (Flyball, 9LS)
Batting: RHB Brant Thigpen 0-0: Swinging Strike
0-1: Ball
1-1: Foul Ball, location: 2F
1-2: DOUBLE (Line Drive, 89D)
Batting: RHB Thom Reppond 0-0: Ball
1-0: Called Strike
1-1: Foul Ball, location: 2F
1-2: Fly out, F8 (Flyball, 8LM)
Pitching: RHP Francisco Rivera
Batting: RHB Jim Unknown 0-0: Ball
1-0: Ball
2-0: Ball
3-0: Base on Balls
Pinch Runner at 2nd Alonso Vielma:
Batting: RHB Ricardo Sandoval 0-0: Ball
1-0: Called Strike
1-1: SINGLE (Groundball, 6MD)
Alonso Vielma to third
Jim Unknown to second
Runner from 3rd tries for Home, SAFE, no throw
Saturday, May 26th, 2018 - OOTP Baseball 17.12 Build 75